Map: Kairos Junction LE

Players

Tezu

  • Race: Protoss Protoss
  • League: Master
  • Spawn Location: 11:00

zuka - Winner!

  • Race: Protoss Protoss
  • League: Master
  • Spawn Location: 5:00

VOD

Have the link to the VOD?

Description

Time

  • Played on: July 3, 2019, 4:31 p.m.
  • Length: 10:20
Show
View Real Time Build Order
Export as new Build Order

Tezu Protoss 

Build Orders:  

Get SALT Encoding   

  12  0:00  Probe  
  13  0:12  Probe  
  14  0:20  Pylon  
  14  0:24  Probe  
  15  0:34  Probe  
  15  0:40  Gateway  
  16  0:43  Probe  
  16  0:45  Assimilator  
  17  0:53  Probe  
  18  0:57  Assimilator  
  18  1:05  Probe  
  19  1:12  Gateway  
  19  1:18  Probe  
  20  1:30  Probe, Cybernetics Core  
  21  1:42  Probe  
  21  1:43  Pylon  
  22  1:50  Pylon  
  22  1:54  Probe  
  23  2:06  Stalker x2  
  27  2:09  Warp Gate  
  27  2:31  Stargate  
  27  2:48  Stalker  
  27  2:49  Stalker  
  31  2:54  Pylon  
  31  3:06  Probe  
  31  3:07  Void Ray  
  36  3:25  Shield Battery  
  36  3:30  Pylon  
  34  3:58  Stalker x2  
  42  4:17  Pylon  
  42  4:22  Stalker x2  
  46  4:31  Pylon  
  43  5:03  Stalker  
  43  5:04  Stalker  
  39  5:26  Robotics Facility  
  39  5:29  Stalker  
  39  5:30  Stalker  
  39  5:50  Gateway  
  39  5:58  Gateway, Twilight Council  
  39  5:59  Stalker  
  39  6:00  Stalker  
  39  6:03  Warp Prism  
  43  6:24  Stalker x2  
  43  6:25  Charge  
  47  6:31  Pylon  
  47  6:38  Pylon  
  47  7:03  Sentry x2  
  47  7:04  Sentry  
  49  7:19  Nexus  
  49  7:20  Pylon  
  49  7:28  Probe  
  50  7:42  Pylon, Immortal  
  48  7:50  Zealot x4  
  60  8:00  Probe  
  61  8:10  Sentry x2  
  61  8:11  Sentry  
  61  8:12  Probe  
  67  8:24  Probe  
  67  8:26  Immortal  
  72  8:47  Sentry  
  72  8:48  Zealot, Probe  
  76  8:54  Probe  
  78  8:59  Pylon  
  78  9:03  Probe  
  78  9:09  Sentry x2  
  71  9:21  Zealot  
  71  9:22  Zealot  
  71  9:29  Shield Battery  
  71  9:33  Sentry, Shield Battery  
  73  9:41  Zealot  
  73  9:42  Zealot  
  55  10:05  Stalker x3  
Show
View Real Time Build Order
Export as new Build Order

zuka Protoss - Winner!

Build Orders:  

Get SALT Encoding   

  12  0:01  Probe  
  13  0:13  Probe  
  14  0:17  Pylon  
  14  0:22  Probe  
  15  0:31  Probe  
  16  0:38  Gateway  
  16  0:41  Probe  
  16  0:47  Assimilator  
  17  0:53  Probe  
  17  0:56  Assimilator  
  18  1:05  Probe  
  19  1:13  Gateway  
  19  1:17  Probe  
  20  1:26  Cybernetics Core  
  20  1:29  Probe  
  21  1:37  Pylon  
  21  1:41  Probe  
  22  1:53  Probe  
  23  2:02  Stalker x2  
  23  2:05  Warp Gate  
  27  2:12  Pylon  
  27  2:27  Stalker x2  
  27  2:36  Pylon  
  31  2:52  Stalker x2  
  35  3:02  Robotics Facility  
  35  3:03  Probe  
  36  3:30  Nexus  
  36  3:33  Probe  
  37  3:45  Probe  
  39  3:57  Probe  
  39  4:02  Stalker x2  
  44  4:14  Gateway  
  44  4:16  Gateway  
  43  4:33  Pylon  
  43  4:41  Immortal  
  47  4:50  Stalker x2  
  49  5:06  Probe  
  50  5:11  Immortal  
  48  5:18  Probe  
  45  5:23  Stalker  
  45  5:25  Pylon  
  45  5:26  Probe  
  51  5:30  Probe  
  51  5:35  Probe  
  54  5:43  Probe x2  
  54  5:46  Pylon  
  54  5:47  Shield Battery  
  56  5:51  Twilight Council  
  56  5:55  Probe  
  58  5:57  Observer  
  58  6:00  Stalker  
  58  6:02  Sentry  
  62  6:16  Pylon  
  62  6:17  Stalker  
  64  6:19  Charge  
  64  6:26  Probe x2  
  64  6:27  Shield Battery, Immortal  
  70  6:42  Zealot x2  
  74  6:49  Pylon  
  74  6:50  Zealot  
  74  6:52  Sentry  
  76  7:12  Pylon  
  76  7:16  Pylon  
  76  7:23  Gateway  
  76  7:25  Gateway  
  76  7:30  Zealot x4  
  82  7:45  Probe x2  
  82  7:49  Gateway  
  84  7:56  Zealot x2  
  84  7:58  Pylon, Zealot x2  
  92  8:00  Pylon  
  92  8:01  Warp Prism  
  92  8:11  Pylon  
  94  8:20  Zealot  
  94  8:21  Zealot x2  
  100  8:32  Pylon  
  100  8:33  Pylon  
  100  8:37  Zealot x2, Observer  
  100  8:39  Assimilator  
  105  8:43  Assimilator  
  105  8:50  Templar Archives  
  105  8:58  Zealot x3  
  105  9:00  Sentry  
  105  9:01  Sentry  
  109  9:19  Zealot x3  
  109  9:20  Zealot x2  
  117  9:31  Pylon  
  117  9:40  Forge, Zealot x3  
  123  9:59  Zealot x4  
  107  10:13  High Templar x3  
Tags
 
Add a new tag
Caveats
  • Supply blocks, unpowered buildings, or Contaminate may cause inaccurate times.
  • Supply counts are checked every 10 seconds.